 Dungeon Crawl Stone Soup version 0.21-a0-15-g606531c (webtiles) character file.

57 mopl the Sneak (level 4, -2/39 HPs)
             Began as a Naga Assassin on May 23, 2017.
             Killed from afar by Natasha (9 damage)
             ... with a magic dart
             ... on level 2 of the Dungeon.
             The game lasted 00:01:45 (803 turns).

mopl the Sneak (Naga Assassin)                       Turns: 803, Time: 00:01:46

Health: -2/39      AC:  3    Str: 13    XL:     4   Next: 0%
Magic:  4/4        EV:  9    Int: 11    God:
Gold:   32         SH:  0    Dex: 14    Spells: 3/3 levels left

rFire    . . .     SeeInvis +   a - +2 dagger
rCold    . . .     Gourm    .   (no shield)
rNeg     . . .     Faith    .   c - +0 robe
rPois    +         Spirit   .   (no helmet)
rElec    .         Reflect  .   d - +0 cloak
rCorr    .         Harm     .   (no gloves)
MR       .....                  (no barding)
Stlth    ++++......             (no amulet)
Regen    0.2/turn               (no ring)
MPRegen  0.1/turn               (no ring)

@: short of breath, slowed, very slow
A: see invisible, deformed body, poison resistance, slowness 2, slow metabolism
1, spit poison 1, AC +1
a: Spit Poison


You were on level 2 of the Dungeon.
You were not hungry.

You visited 1 branch of the dungeon, and saw 2 of its levels.

You collected 32 gold pieces.

Inventory:

Hand Weapons
 a - a +2 dagger (weapon)
 b - a +0 blowgun
Missiles
 e - 13 poisoned needles
Armour
 c - a +0 robe (worn)
 d - a +0 cloak (worn)
Scrolls
 l - a scroll of fear {unknown}
 m - a scroll of blinking {unknown}
 o - a scroll of enchant weapon {unknown}
 p - a scroll of noise {unknown}
 r - 2 scrolls of identify {unknown}
Potions
 h - a potion of magic {unknown}
 i - a potion of heal wounds
 j - a potion of curing {unknown}
 n - 2 potions of berserk rage {unknown}
 q - a potion of might {unknown}
Comestibles
 g - 2 bread rations
 k - a meat ration
 s - a chunk of flesh


   Skills:
 - Level 2.0 Fighting
 + Level 2.6 Short Blades
 + Level 2.2 Throwing
 - Level 0.7 Dodging
 * Level 7.3 Stealth


You had 3 spell levels left.
You didn't know any spells.

Dungeon Overview and Level Annotations

Branches:
Dungeon (2/15)

Altars:

Annotations:
D:2 Natasha


Innate Abilities, Weirdness & Mutations

You cannot wear boots.
Your serpentine skin is tough. (AC +1)
You have supernaturally acute eyesight. (SInv)
Armour fits poorly on your strangely shaped body.
Your system is resistant to poisons. (rPois)
You cover ground very slowly.
You have a slow metabolism.
You can spit poison.


Message History

Aim: Natasha (moderately wounded, poisoned)
You shoot a poisoned needle.
The poisoned needle closely misses Natasha.
Natasha claws you!
* * * LOW HITPOINT WARNING * * *
Natasha claws you but does no damage.
Unknown command.
Press: ? - help, Shift-Dir - straight line, f/p - Natasha
Aim: Natasha (moderately wounded, poisoned)
The splash of poison misses Natasha.
You feel slightly more hungry. Natasha claws you but does no damage.
Unknown command.
a - a +2 dagger (weapon)
Natasha claws you.
* * * LOW HITPOINT WARNING * * *
You hit Natasha but do no damage.
Natasha is heavily wounded.
Natasha stares at you and mumbles some strange words.
The magic dart hits you!
You die...

#. ...# ######. ...#
#...... ...# (......
... (..8... ..
.......#.#
.......>.#
.#......########.#
#...(.....h@......#
.#.#...#..##########
...#.......#
....##.รท.#
.#.###...#
#.#.......#
#...)...#.##
.....###.##...#
##.## #......#


You could see Natasha.

Vanquished Creatures
  Natasha (D:2)
  An adder (D:2)
  A dart slug (D:1)
  4 bats
  A giant cockroach (D:1)
  3 goblins
  4 hobgoblins
  3 kobolds (D:1)
  3 frilled lizards
  2 rats (D:1)
23 creatures vanquished.

Notes
Turn   | Place    | Note
-------+----------+-------------------------------------------
     0 | D:1      | mopl the Naga Assassin began the quest for the Orb.
     0 | D:1      | Reached XP level 1. HP: 19/19 MP: 1/1
   208 | D:1      | Reached skill level 6 in Stealth
   312 | D:1      | Reached XP level 2. HP: 26/26 MP: 2/2
   767 | D:2      | Reached skill level 2 in Throwing
   767 | D:2      | Reached XP level 3. HP: 27/32 MP: 3/3
   772 | D:2      | Noticed Natasha
   775 | D:2      | Killed Natasha
   775 | D:2      | Reached skill level 7 in Stealth
   777 | D:2      | Reached XP level 4. HP: 34/39 MP: 4/4
   781 | D:2      | Noticed Natasha
   803 | D:2      | Killed from afar by Natasha

Vault maps used:
D:1:      tarquinn_simple_flora_water_b, minmay_misc_feat_four_crosses,
          minmay_misc_feat_secret_circle
D:2:      serial_undead, serial_undead_f, serial_undead_b, serial_undead_a,
          serial_undead_e, serial_undead_a, serial_undead_d, uniq_natasha

Skill      XL: |  1  2  3 |
---------------+----------+-----
Stealth        | 6 7 |  7.3
Throwing       | 2 |  2.2
Fighting       | |  2.0
Short Blades   | |  2.6
Dodging        | |  0.7

Action                   |  1- 3 |  4- 6 || total
-------------------------+-------+-------++-------
Melee: Dagger            |    45 |     1 ||    46
 Fire: Blowgun           |     4 |    14 ||    18
 Abil: Spit Poison       |     2 |     2 ||     4
  Use: Potion            |       |     1 ||     1
 Stab: Sleeping          |     8 |       ||     8
       Distracted        |     1 |       ||     1
Armor: Robe              |     6 |     4 ||    10
Dodge: Dodged            |    16 |     6 ||    22
